 Dungeon Crawl Stone Soup version 0.21-a0-351-g38363bb (webtiles) character file.

305 FrankyJ the Ducker (level 6, -3/47 HPs)
             Began as a Merfolk Fighter on Oct 9, 2017.
             Was an Initiate of Okawaru.
             Slain by Sigmund
             ... wielding a +0 scythe
              (11 damage)
             ... on level 4 of the Dungeon.
             The game lasted 00:06:07 (3116 turns).

FrankyJ the Ducker (Merfolk Fighter)                Turns: 3116, Time: 00:06:07

Health: -3/47      AC:  3    Str: 17    XL:     6   Next: 39%
Magic:  6/6        EV: 14    Int:  7    God:    Okawaru [......]
Gold:   64         SH:  9    Dex: 15    Spells: 5/5 levels left

rFire    . . .     SeeInvis .   a - +0 trident
rCold    . . .     Gourm    .   c - +0 shield
rNeg     . . .     Faith    .   h - +0 leather armour
rPois    .         Spirit   .   (no helmet)
rElec    .         Reflect  .   (no cloak)
rCorr    .         Harm     .   (no gloves)
MR       .....                  (no boots)
Stlth    +.........             (no amulet)
HPRegen  0.15/turn              (no ring)
MPRegen  0.10/turn              (no ring)

@: no status effects
A: change form in water, swift swim, stealthy swim
a: Renounce Religion


You were on level 4 of the Dungeon.
You worshipped Okawaru.
Okawaru was noncommittal.
You were not hungry.

You visited 1 branch of the dungeon, and saw 4 of its levels.

You collected 64 gold pieces.

Inventory:

Hand Weapons
 a - a +0 trident (weapon)
Armour
 b - a +0 scale mail
 c - a +0 shield (worn)
 h - a +0 leather armour (worn)
Jewellery
 j - an uncursed amulet of the gourmand {unknown}
Wands
 g - a wand of paralysis (5/24)
 r - a wand of digging (6/24)
 s - a wand of flame (24/48)
Scrolls
 e - a scroll of amnesia {unknown}
 i - 2 scrolls of magic mapping {unknown}
 k - a scroll of enchant weapon {unknown}
 l - a scroll of teleportation {unknown}
 n - 2 scrolls of identify {unknown}
 o - a scroll of enchant armour {unknown}
Potions
 m - a potion of ambrosia {unknown}
 p - a potion of agility {unknown}
 q - a potion of flight {unknown}
Comestibles
 d - 3 chunks of flesh
 f - a bread ration


   Skills:
 - Level 3.2 Fighting
 + Level 3.5 Polearms
 - Level 2.1 Armour
 - Level 7.1 Dodging
 - Level 4.0 Shields


You had 5 spell levels left.
You didn't know any spells.

Dungeon Overview and Level Annotations

Branches:
Dungeon (4/15)
 Temple: D:4-7

Altars:
Elyvilon
Kikubaaqudgha
Okawaru
Yredelemnul

Annotations:
D:4 Sigmund


Message History

Okay, then.
You hit something.
You hear some strange, mumbled words.
Something tries to affect you, but you resist.
Some of the chunks of flesh in your inventory have rotted away.
You completely miss something. Something barely misses you.
You closely miss something. You miss something.
You hear some strange, mumbled words.
A magic dart appears from out of thin air!
The magic dart hits you!
You miss something. You block something's attack.
Your shield prevents you from hitting something.
Something hits you.
You completely miss something. Something hits you.
You closely miss something. Something hits you!
* * * LOW HITPOINT WARNING * * *
You hit something. You closely miss something. Something hits you!
You die...

##.#.# #....# #....# #+
#....#
####.#############....###
.................'.......
##.#........####....###
#.##.#.######.####....###
.........@{..........<....
...####+######.#.....#.###
#.#.#####.###
+.#.#........
###.#.###.### ........[..
#######.##. ...##. ######.


There were no monsters in sight!

Vanquished Creatures
  An ogre (D:3)
  A centaur skeleton (D:4)
  An orc wizard (D:4)
  Ijyb (D:4)
  A worker ant (D:4)
  4 adders
  An adder skeleton (D:4)
  3 worms
  2 dart slugs
  2 leopard geckos (D:2)
  6 orcs (D:4)
  A ball python (D:2)
  2 giant cockroaches (D:1)
  7 goblins
  8 hobgoblins (D:1)
  6 jackals (D:2)
  4 kobolds
  3 bats (D:1)
  4 frilled lizards (D:1)
  6 rats
64 creatures vanquished.

Notes
Turn   | Place    | Note
-------+----------+-------------------------------------------
     0 | D:1      | FrankyJ the Merfolk Fighter began the quest for the Orb.
     0 | D:1      | Reached XP level 1. HP: 18/18 MP: 1/1
    38 | D:1      | Reached skill level 1 in Dodging
    95 | D:1      | Reached XP level 2. HP: 23/24 MP: 2/2
   321 | D:1      | Reached skill level 2 in Dodging
   347 | D:1      | Reached XP level 3. HP: 21/29 MP: 3/3
  1483 | D:2      | Reached skill level 3 in Dodging
  1833 | D:2      | Reached XP level 4. HP: 35/35 MP: 4/4
  2155 | D:2      | Found an iron altar of Okawaru.
  2155 | D:2      | Found an ancient bone altar of Kikubaaqudgha.
  2155 | D:2      | Found a basalt altar of Yredelemnul.
  2163 | D:2      | Became a worshipper of Warmaster Okawaru
  2279 | D:2      | You fall through a shaft for 2 floors!
  2286 | D:4      | Reached skill level 4 in Dodging
  2349 | D:4      | Reached skill level 5 in Dodging
  2349 | D:4      | Reached XP level 5. HP: 29/41 MP: 5/5
  2740 | D:4      | Found a white marble altar of Elyvilon.
  2799 | D:4      | Reached skill level 6 in Dodging
  2851 | D:4      | Noticed Ijyb
  2851 | D:4      | Noticed an ogre
  2872 | D:3      | Killed an ogre
  2872 | D:3      | Reached skill level 7 in Dodging
  2872 | D:3      | Reached XP level 6. HP: 23/47 MP: 6/6
  3045 | D:4      | Killed Ijyb
  3098 | D:4      | Noticed Sigmund
  3116 | D:4      | Slain by Sigmund

Vault maps used:
D:1:      ncdulo_halloftheorcs, minmay_cupped
D:2:      gammafunk_temple_overflow_claw, xom_teletrap_fun
D:3:      nicolae_overflow_crystal_walls, uniq_robin
D:4:      kennysheep_mini, elyvilon_altar_1, uniq_ijyb, uniq_sigmund

Skill      XL: |  1  2  3  4  5 |
---------------+----------------+-----
Dodging        | 1 2 3 5 7 |  7.1
Shields        | 4 |  4.0
Fighting       | |  3.2
Polearms       | |  3.5
Armour         | |  2.1

Action                   |  1- 3 |  4- 6 || total
-------------------------+-------+-------++-------
Melee: Trident           |   154 |   129 ||   283
Evoke: Wand              |       |     2 ||     2
  Use: Potion            |     1 |     2 ||     3
 Stab: Sleeping          |     2 |     1 ||     3
       Paralysed         |       |     5 ||     5
  Eat: Chunk             |     3 |     4 ||     7
Armor: Scale mail        |    12 |       ||    12
       Leather armour    |    29 |    18 ||    47
Dodge: Dodged            |    53 |    51 ||   104
Block: Shield            |    55 |    59 ||   114

Table legend:
 A = Spawn XP
 B = Non-spawn XP
 C = Spawn XP percentage of total XP
 D = Spawn monster count
 E = Non-spawn monster count
 F = Spawn count percentage of total count
 G = Total turns spent on level
                    A         B        C        D         E        F      G
               +---------+---------+-------+---------+---------+-------+---------
         Total |       0 |     437 |   0.0 |       0 |      64 |   0.0 |  3116
               +---------+---------+-------+---------+---------+-------+---------
           D:1 |       0 |      49 |   0.0 |       0 |      30 |   0.0 |  1131
           D:2 |       0 |      66 |   0.0 |       0 |      18 |   0.0 |  1148
           D:3 |       0 |     118 |   0.0 |       0 |       1 |   0.0 |   164
           D:4 |       0 |     204 |   0.0 |       0 |      15 |   0.0 |   673
               +---------+---------+-------+---------+---------+-------+---------
